Map: Odyssey LE

Players

Nice

  • Race: Protoss Protoss
  • Spawn Location: 5:00

Lambo - Winner!

  • Race: Zerg Zerg
  • Spawn Location: 11:00

Event: WCS Montreal 2017

VOD

Have the link to the VOD?

Description

Time

  • Played on: Sept. 8, 2017, 2:31 p.m.
  • Length: 7:08

All games in this series

Show
View Real Time Build Order
Export as new Build Order

Nice Protoss 

Build Orders: 1 Gate Expand, Oracle Opening, Phoenix Opening, Zealot Archon, Archon Drop 

Get SALT Encoding   

  12  0:01  Probe (Chrono Boost)  
  13  0:12  Probe (Chrono Boost)  
  14  0:18  Pylon  
  14  0:22  Probe (Chrono Boost)  
  15  0:36  Probe (Chrono Boost)  
  15  0:40  Gateway  
  16  0:47  Probe (Chrono Boost)  
  16  0:48  Assimilator  
  17  0:58  Probe (Chrono Boost)  
  18  1:08  Probe (Chrono Boost)  
  19  1:19  Probe (Chrono Boost)  
  20  1:26  Nexus  
  20  1:33  Cybernetics Core  
  20  1:36  Probe (Chrono Boost)  
  21  1:41  Assimilator  
  22  1:47  Probe (Chrono Boost)  
  22  1:51  Pylon  
  22  1:57  Probe (Chrono Boost)  
  23  2:09  Probe (Chrono Boost), Adept (Chrono Boost)  
  26  2:19  Stargate  
  26  2:21  Probe  
  27  2:30  Warp Gate  
  27  2:33  Adept (Chrono Boost)  
  27  2:35  Probe  
  30  2:37  Probe  
  31  2:47  Probe x2  
  33  2:58  Probe (Chrono Boost)  
  33  2:59  Probe (Chrono Boost)  
  33  3:02  Oracle (Chrono Boost)  
  38  3:08  Probe  
  38  3:11  Probe  
  40  3:13  Adept  
  40  3:14  Pylon  
  40  3:19  Probe  
  42  3:25  Probe, Gateway  
  44  3:29  Probe  
  45  3:37  Probe  
  45  3:39  Phoenix (Chrono Boost)  
  44  3:43  Gateway  
  45  3:49  Probe, Mothership Core  
  45  3:50  Assimilator  
  45  3:52  Assimilator  
  47  4:01  Probe  
  48  4:09  Probe (Chrono Boost), Robotics Facility  
  48  4:13  Probe (Chrono Boost)  
  50  4:21  Probe (Chrono Boost)  
  51  4:24  Nexus  
  51  4:25  Probe (Chrono Boost)  
  51  4:27  Pylon  
  52  4:34  Forge  
  52  4:37  Twilight Council  
  52  4:43  Adept  
  56  4:45  Probe x2 (Chrono Boost)  
  56  4:52  Pylon  
  59  4:56  Probe x2 (Chrono Boost)  
  59  4:57  Protoss Ground Weapons Level 1 (Chrono Boost)  
  61  5:01  Gateway  
  61  5:04  Gateway  
  61  5:07  Gateway  
  55  5:13  Charge (Chrono Boost)  
  55  5:16  Templar Archives  
  55  5:21  Warp Prism  
  57  5:28  Probe  
  57  5:29  Probe  
  59  5:41  Probe x2  
  61  5:44  Probe, Gateway  
  61  5:47  Gateway  
  61  5:48  Gateway, Pylon  
  62  5:56  High Templar x2, Zealot x2  
  70  6:00  Archon  
  70  6:02  Zealot x2  
  70  6:03  Probe  
  74  6:05  Probe x2  
  77  6:13  Pylon  
  77  6:14  Pylon  
  77  6:25  High Templar x2, Zealot x2  
  83  6:28  Archon  
  83  6:29  Zealot x2  
  89  6:39  Pylon  
  89  6:41  Pylon  
  89  6:48  Zealot x4  
  89  6:50  Zealot x3  
  93  6:58  Zealot x2  
Show
View Real Time Build Order
Export as new Build Order

Lambo Zerg - Winner!

Build Orders: Hatch First 

Get SALT Encoding   

  12  0:00  Drone  
  13  0:12  Overlord  
  13  0:17  Drone  
  14  0:30  Drone x2  
  14  0:35  Drone  
  17  0:51  Hatchery  
  17  0:54  Drone  
  17  0:57  Drone  
  18  1:08  Extractor  
  17  1:12  Spawning Pool  
  17  1:15  Drone  
  17  1:18  Drone  
  18  1:28  Drone  
  19  1:40  Overlord  
  19  1:50  Drone  
  20  1:59  Queen  
  20  2:00  Zergling x2  
  23  2:02  Queen  
  23  2:03  Zergling x2  
  23  2:07  Metabolic Boost  
  26  2:10  Drone  
  26  2:13  Drone  
  28  2:21  Drone  
  29  2:25  Drone  
  30  2:36  Drone  
  31  2:41  Hatchery  
  30  2:44  Drone  
  30  2:48  Pneumatized Carapace  
  30  2:50  Drone  
  32  2:54  Overlord  
  32  3:06  Zergling x4  
  32  3:12  Drone x3  
  37  3:16  Drone  
  37  3:17  Drone x3  
  41  3:21  Drone  
  41  3:25  Queen  
  44  3:32  Overlord  
  44  3:34  Drone  
  43  3:38  Spore Crawler  
  43  3:40  Spore Crawler  
  41  3:42  Drone  
  41  3:45  Evolution Chamber  
  41  3:48  Drone x3  
  44  3:52  Drone  
  44  3:53  Drone  
  46  3:56  Drone x2  
  48  4:06  Drone x3  
  48  4:08  Queen  
  53  4:17  Lair  
  53  4:20  Spore Crawler  
  53  4:23  Drone x3  
  55  4:24  Overlord  
  55  4:26  Overlord  
  55  4:37  Zerg Melee Weapons Level 1  
  56  4:38  Drone x3  
  56  4:41  Extractor  
  56  4:43  Drone x3, Zergling x2  
  61  4:47  Drone x2  
  61  4:48  Drone  
  61  4:52  Drone x4  
  68  4:54  Queen  
  69  5:06  Drone x3  
  72  5:08  Baneling Nest  
  72  5:12  Zergling x6  
  74  5:22  Extractor  
  74  5:23  Zergling x2  
  74  5:24  Overlord  
  74  5:25  Hatchery  
  74  5:28  Hydralisk Den, Extractor  
  71  5:29  Extractor, Overlord  
  71  5:34  Overlord  
  70  5:36  Overlord  
  70  5:42  Spine Crawler, Roach Warren  
  70  5:45  Zergling x10  
  74  5:50  Queen  
  74  5:54  Overlord  
  75  6:05  Overlord  
  75  6:08  Hydralisk x2  
  75  6:10  Drone x3  
  82  6:16  Overlord  
  84  6:19  Baneling x2  
  84  6:22  Extractor, Hydralisk  
  85  6:26  Hydralisk  
  85  6:27  Extractor  
  85  6:30  Roach  
  85  6:31  Roach x2  
  90  6:37  Baneling x3  
  90  6:38  Zergling x14  
  90  6:39  Zergling x12  
  104  6:50  Zergling x2  
Tags
 
Add a new tag
Caveats
  • Supply blocks, unpowered buildings, or Contaminate may cause inaccurate times.
  • Supply counts are checked every 10 seconds.